 Dungeon Crawl Stone Soup version 0.18.1-1-g2f07953 (webtiles) character file.

86 Scarto the Shield-Bearer (level 4, -4/29 HPs)
             Began as a Gargoyle Fighter on May 7, 2016.
             Killed by divine providence
             ... invoked by an orc priest
              (12 damage)
             ... on level 3 of the Dungeon.
             The game lasted 00:02:41 (2016 turns).

Scarto the Shield-Bearer (Gargoyle Fighter)         Turns: 2016, Time: 00:02:42

Health: -4/29      AC: 16    Str: 21    XL:     4   Next: 49%
Magic:  4/4        EV:  4    Int:  8    God:
Gold:   38         SH:  9    Dex:  9    Spells: 0 memorised, 3 levels left

rFire  + . .     SeeInvis .     a - +0 flail
rCold  . . .     Gourm    .     j - +0 plate armour
rNeg   + . .     Faith    .     c - +0 shield
rPois  ∞         Spirit   .     f - +0 helmet
rElec  +         Dismiss  .     (no cloak)
rCorr  .         Reflect  .     (no gloves)
SustAt .         Harm     .     (no boots)
MR     .....                    (no amulet)
Stlth  ..........               (no ring)
                                g - ring of protection from fire

@: not resistant to hostile enchantments, extremely unstealthy
A: negative energy resistance 1, electricity resistance, unbreathing,
petrification resistance, rot immunity, AC +3
a: no special abilities


You were on level 3 of the Dungeon.
You were not hungry.

You visited 1 branch of the dungeon, and saw 3 of its levels.

You collected 38 gold pieces.

Inventory:

Hand Weapons
 a - a +0 flail (weapon)
Armour
 c - a +0 shield (worn)
 f - a +0 helmet (worn)
 j - a +0 plate armour (worn)
Jewellery
 g - a ring of protection from fire (left hand)
Wands
 n - a wand of paralysis (14/24)
Scrolls
 e - 2 scrolls of remove curse {unknown}
 l - 3 scrolls of enchant weapon {unknown}
 m - a scroll of magic mapping {unknown}
 p - a scroll of identify {unknown}
 r - 2 scrolls of teleportation {unknown}
 s - a scroll of random uselessness {unknown}
Potions
 b - a potion of resistance {unknown}
 d - a potion of might
 h - a potion of experience {unknown}
 i - 2 potions of curing {unknown}
 k - 2 potions of haste {unknown}
 q - 2 potions of flight {unknown}
Comestibles
 o - a bread ration
 t - a beef jerky
 u - a meat ration


   Skills:
 + Level 3.7 Fighting
 + Level 2.5 Maces & Flails
 + Level 4.0 Armour
 + Level 0.7 Dodging
 + Level 4.2 Shields


You had 3 spell levels left.
You didn't know any spells.

Dungeon Overview and Level Annotations

Branches:
Dungeon (3/15)

Altars:

Annotations:
D:3 dadoka's ghost, amateur HOAK


Innate Abilities, Weirdness & Mutations

You are resistant to torment.
Your stone body is resilient (AC +3).
You are immune to poison.
You resist negative energy.
You are resistant to electric shocks.
You can survive without breathing.
You are immune to petrification.
You are immune to rotting.


Message History

You block the giant newt's attack. The orc hits you with a mace.
You block the orc priest's attack.
You closely miss the orc priest.
The orc priest is lightly wounded.
Something hits you but does no damage. The orc hits you but does no damage.
The giant newt bites you but does no damage.
You block the orc priest's attack. Something hits you but does no damage.
You block the orc's attack. The orc hits you but does no damage.
There is a stone staircase leading down here.
The orc hits you but does no damage.
You see here a tomahawk.
The giant newt hisses menacingly.
The orc priest calls down the wrath of Beogh upon you.
Beogh smites you!
* * * LOW HITPOINT WARNING * * *
Things that are here:
a tomahawk; a slice of pizza The orc priest invokes the aid of Beogh against you.
Beogh smites you!
You die...

#.# ....
#.##.....
#<......# ..
#.##..... ..
#.# ..# #. #.#
. ..#.# #.#.#
#.#@# #.ol#
######.o#
...?...>###.#.#
#######.ooK...#
#KW.W..<..
#.......#.
#.........
#.......##


You could see an orc priest, dadoka's ghost, 2 orcs, a kobold and a giant newt.

Vanquished Creatures
  3 adders (D:2)
  2 oozes
  2 worms (D:2)
  3 giant geckos (D:2)
  3 giant cockroaches (D:1)
  3 goblins (D:1)
  5 hobgoblins
  8 kobolds
  7 bats
  2 giant newts (D:2)
  7 rats
45 creatures vanquished.

Notes
Turn   | Place    | Note
--------------------------------------------------------------
     0 | D:1      | Scarto the Gargoyle Fighter began the quest for the Orb.
     0 | D:1      | Reached XP level 1. HP: 14/14 MP: 1/1
   164 | D:1      | Reached XP level 2. HP: 19/19 MP: 2/2
   436 | D:1      | Reached XP level 3. HP: 23/23 MP: 3/3
  1431 | D:2      | Reached XP level 4. HP: 25/28 MP: 4/4
  2007 | D:3      | Noticed dadoka's ghost (amateur HOAK)
  2016 | D:3      | Killed from afar by an orc priest

Skill      XL: |  1  2  3 |
---------------+----------+-----
Shields        | 4 |  4.2
Armour         | 4 |  4.0
Fighting       | |  3.7
Maces & Flails | |  2.5
Dodging        | |  0.7

Action                   |  1- 3 |  4- 6 || total
-------------------------+-------+-------++-------
Melee: Flail             |   179 |    69 ||   248
  Eat: Bread ration      |     1 |       ||     1
Armor: Scale mail        |    27 |       ||    27
       Plate armour      |   116 |    67 ||   183
Dodge: Dodged            |    35 |    12 ||    47
Block: Shield            |   106 |    43 ||   149
